 Dungeon Crawl Stone Soup version 0.25.1-8-g42b30a86e7 (webtiles) character file.

Game seed: 16661084440643126199

627 radhat240 the Chopper (level 7, 0/60 HPs)
             Began as a Yellow Draconian Fighter on Dec 10, 2020.
             Was an Initiate of Makhleb.
             Slain by Duvessa
             ... wielding a +0 short sword
              (9 damage)
             ... on level 5 of the Dungeon.
             The game lasted 00:32:08 (4242 turns).

radhat240 the Chopper (Yellow Draconian Fighter)    Turns: 4242, Time: 00:32:08

Health: 0/60       AC:  8    Str: 21    XL:     7   Next: 23%
Magic:  7/7        EV: 11    Int:  8    God:    Makhleb [......]
Gold:   217        SH:  9    Dex: 10    Spells: 6/6 levels left

rFire    . . .     SeeInvis .   a - +1 war axe {BOB}
rCold    + . .     Gourm    .   b - +0 kite shield
rNeg     . . .     Faith    .   (armour unavailable)
rPois    .         Spirit   .   (helmet restricted)
rElec    .         Reflect  .   J - +0 cloak
rCorr    +         Harm     .   (no gloves)
MR       +....                  z - +0 pair of boots
Stlth    +.........             (no amulet)
HPRegen  0.20/turn              N - ring of wizardry
MPRegen  0.10/turn              s - ring of protection from magic

@: no status effects
A: spit acid, unfitting armour, cold resistance 1, high mp 1, cold-blooded, acid
resistance, AC +6
a: Breathe Acid, Renounce Religion


You were on level 5 of the Dungeon.
You worshipped Makhleb.
Makhleb was noncommittal.
You were not hungry.

You visited 1 branch of the dungeon, and saw 5 of its levels.

You collected 217 gold pieces.

Inventory:

Hand Weapons
 a - a +1 war axe (weapon) {BOB}
 g - a +1 vorpal mace
 h - a +0 club
 j - a +0 dagger
 k - a +0 club
 l - a +0 dagger
 m - a +0 short sword
 o - a +0 club
 p - a +0 short sword
 q - a +0 dagger
 r - a +0 war axe
 t - a +0 dagger
 y - a +0 club
 B - a +0 club
 F - a +0 club
 H - a +2 short sword of venom
 I - a +0 dagger
 Q - a +0 club
 R - a +0 club
 V - a +0 dagger
Missiles
 f - 32 arrows
 n - 74 stones (quivered)
 A - 5 curare-tipped darts
 L - a throwing net
 U - 7 datura-tipped darts
Armour
 b - a +0 kite shield (worn)
 e - a +0 leather armour
 w - a +0 leather armour of fire resistance
 z - a +0 pair of boots (worn)
 G - a +0 leather armour
 J - a +0 cloak (worn)
 P - a cursed +0 leather armour
 T - a +0 robe
Jewellery
 s - a ring of protection from magic (right hand)
 N - a ring of wizardry (left hand)
 S - an uncursed amulet of reflection {unknown}
Wands
 O - a wand of disintegration (5)
Scrolls
 u - 2 scrolls of amnesia
 v - a scroll of teleportation
 K - 3 scrolls of identify
 M - 3 scrolls of remove curse
Potions
 C - a potion of magic
 D - 2 potions of invisibility
 E - a potion of degeneration
Comestibles
 d - 3 rations


   Skills:
 + Level 4.5 Fighting
 + Level 5.5 Axes
 + Level 4.0 Dodging
 + Level 1.0 Stealth
 + Level 4.6 Shields


You had 6 spell levels left.
You didn't know any spells.
Your spell library was empty.

Dungeon Overview and Level Annotations

Branches:
Dungeon (5/15)
 Temple: D:4-7

Altars:
Makhleb
Zin

Annotations:
D:5 Duvessa


Innate Abilities, Weirdness & Mutations

You can spit globs of acid.
Your golden yellow scales are hard. (AC +6)
You cannot fit into any form of body armour.
You are cold-blooded and may be slowed by cold attacks.
You are resistant to acid. (rCorr)
Your flesh is cold resistant. (rC+)
You have an increased reservoir of magic. (+10% MP)


Message History

You feel invigorated. Duvessa completely misses you.
You bump into the rock wall.
Duvessa barely misses you. Duvessa hits you with a +0 short sword!
* * * LOW HITPOINT WARNING * * *
You barely miss Duvessa.
Duvessa is almost dead.
Duvessa barely misses you. Duvessa hits you with a +0 short sword.
* * * LOW HITPOINT WARNING * * *
You hit Duvessa but do no damage.
Duvessa is almost dead.
You feel less invigorated.
You feel less confused. Duvessa hits you with a +0 short sword.
* * * LOW HITPOINT WARNING * * *
Duvessa hits you with a +0 short sword.
* * * LOW HITPOINT WARNING * * *
You barely miss Duvessa.
Duvessa is almost dead.
You block Duvessa's attack. Duvessa hits you with a +0 short sword!
You die...

##### #...#
#...# ######
#...#
##.....###.<.#
#.......##...#
.............#
.......@.#...#
.......e.#####
.......).#
.........#
#.......##
.........
.........
......... ##
....... #<


You could see Duvessa (berserk, fast).

Vanquished Creatures
  Sigmund (D:4)
  Blork the orc (D:4)
  Dowan (D:5)
  2 howler monkeys (D:4)
  An orc priest (D:5)
  A centaur skeleton (D:5)
  2 orc wizards (D:3)
  6 adders
  An ooze (D:4)
  An adder skeleton (D:2)
  2 worms
  2 dart slugs (D:1)
  A leopard gecko (D:2)
  9 orcs
  7 bats
  7 giant cockroaches
  15 goblins
  3 hobgoblins
  14 jackals
  6 kobolds
  2 quokkas (D:2)
  2 ball pythons
  2 frilled lizards
  A jackal skeleton (D:4)
  7 rats
  A rat zombie (D:4)
98 creatures vanquished.

Notes
Turn   | Place    | Note
-------+----------+-------------------------------------------
     0 | D:1      | radhat240 the Draconian Fighter began the quest for the
                  | Orb.
     0 | D:1      | Reached XP level 1. HP: 19/19 MP: 1/1
    89 | D:1      | Reached XP level 2. HP: 19/26 MP: 2/2
   646 | D:1      | Reached XP level 3. HP: 26/31 MP: 3/3
  1333 | D:2      | Reached XP level 4. HP: 40/40 MP: 4/4
  1390 | D:2      | Reached skill level 3 in Axes
  2397 | D:3      | Found a burning altar of Makhleb.
  2405 | D:3      | Reached XP level 5. HP: 40/46 MP: 5/5
  2440 | D:3      | Became a worshipper of Makhleb the Destroyer
  2620 | D:3      | Reached skill level 4 in Axes
  3001 | D:4      | Noticed Blork the orc
  3018 | D:4      | Killed Blork the orc
  3018 | D:4      | Reached XP level 6. HP: 35/52 MP: 6/6
  3371 | D:4      | Noticed Sigmund
  3377 | D:4      | Killed Sigmund
  3377 | D:4      | Reached skill level 5 in Axes
  3469 | D:4      | Reached skill level 1 in Stealth
  3469 | D:4      | Your scales start taking on a golden yellow colour.
  3469 | D:4      | Reached XP level 7. HP: 60/60 MP: 7/7
  3469 | D:4      | Gained mutation: You are resistant to acid. (rCorr) [Yellow
                  | Draconian growth]
  3473 | D:4      | Found a sand-covered staircase.
  3568 | D:4      | Found a glowing silver altar of Zin.
  3636 | D:4      | Gained mutation: Your flesh is cold resistant. (rC+)
                  | [potion of mutation]
  3636 | D:4      | Gained mutation: You have an increased reservoir of magic.
                  | (+10% MP) [potion of mutation]
  3714 | D:5      | Entered Level 5 of the Dungeon
  4218 | D:5      | Noticed Dowan
  4220 | D:5      | Noticed Duvessa
  4236 | D:5      | Killed Dowan
  4242 | D:5      | Slain by Duvessa

Illustrated notes

Levels and vault maps discovered:
D:1:      heliophobic_arrival_enchanted_forest, layout_loops_ring,
          nrook_loot_triangle
D:2:      layout_basic
D:3:      layout_loops_ring, bloody_makhleb
D:4:      layout_loops_ring, zin_scriptorium, first_ration, enter_ossuary_3,
          uniq_blork_the_orc, uniq_sigmund
D:5:      layout_rooms, kennysheep_little_box, lemuel_coloured_pillars_altar,
          marbit_many_paths, basic_altar, uniq_ijyb, uniq_duvessa

Skill      XL: |  1  2  3  4  5  6  7 |
---------------+----------------------+-----
Dodging        | 3 4 |  4.0
Axes           | 3 4 5 |  5.5
Shields        | 4 |  4.6
Fighting       | 4 |  4.5
Stealth        | 1 |  1.0

Action                   |  1- 3 |  4- 6 |  7- 9 || total
-------------------------+-------+-------+-------++-------
Melee: War axe           |   100 |   145 |    36 ||   281
       Tailslap          |     4 |    16 |     7 ||    27
Evoke: Wand              |       |       |     2 ||     2
  Use: Scroll            |     4 |     3 |       ||     7
       Potion            |     4 |     8 |     3 ||    15
  Eat: Chunk             |     2 |     6 |     1 ||     9
       Ration            |       |       |     1 ||     1
Armor: Skin              |    39 |    46 |    19 ||   104
Dodge: Dodged            |    37 |    65 |    23 ||   125
Block: Kite shield       |    59 |    88 |    25 ||   172
